 Dungeon Crawl Stone Soup version 0.26.0-10-g1f06aea511 (webtiles) character file.

Game seed: 13223189948461965192

46 shakesphere1979 the Grave Robber (level 3, -3/19 HPs)
             Began as a Deep Elf Necromancer on Jan 13, 2021.
             Killed from afar by Natasha (4 damage)
             ... with a magic dart
             ... on level 2 of the Dungeon.
             The game lasted 00:08:37 (3425 turns).

shakesphere1979 the Grave Robber (DENe)             Turns: 3425, Time: 00:08:39

Health: -3/19      AC:  2    Str:  5    XL:     3   Next: 44%
Magic:  6/10       EV: 13    Int: 20    God:
Gold:   144        SH:  0    Dex: 15    Spells: 7/9 levels left

rFire    . . .     SeeInvis .   k - +0 short sword
rCold    . . .     Faith    .   (no shield)
rNeg     . . .     Spirit   .   a - +0 robe
rPois    .         Reflect  .   (no helmet)
rElec    .         Harm     .   (no cloak)
rCorr    .         Rampage  .   (no gloves)
Will     .....                  (no boots)
Stlth    ++........             (no amulet)
HPRegen  0.06/turn              (no ring)
MPRegen  0.12/turn              (no ring)

@: no status effects
A: no striking features
a: no special abilities


You were on level 2 of the Dungeon.
You visited 1 branch of the dungeon, and saw 2 of its levels.

You collected 144 gold pieces.

Inventory:

Hand Weapons
 g - a +0 hunting sling
 k - a +0 short sword (weapon)
Missiles
 b - 79 stones
 e - 19 sling bullets
Armour
 a - a +0 robe (worn)
Jewellery
 l - an uncursed ring of wizardry {unknown}
Scrolls
 d - a scroll of magic mapping {unknown}
 h - 2 scrolls of random uselessness {unknown}
Potions
 f - 3 potions of heal wounds {unknown}
 i - 2 potions of curing {unknown}
 j - a potion of lignification {unknown}
 m - a potion of flight {unknown}
 n - a potion of mutation {unknown}


   Skills:
 + Level 3.1 Dodging
 + Level 3.3 Stealth
 + Level 3.7 Spellcasting
 + Level 5.2 Necromancy


You had 7 spell levels left.
You knew the following spells:

 Your Spells              Type           Power        Failure   Level
a - Pain                  Necr           96%          1%          1
b - Animate Skeleton      Necr           48%          1%          1

Your spell library contained the following spells:

 Spells                   Type           Power        Failure   Level
 Vampiric Draining        Necr           12%          4%          3
 Animate Dead             Necr           12%          16%         4
 Agony                    Necr           24%          38%         5


Dungeon Overview and Level Annotations

Branches:
Dungeon (2/15)

Altars:

Annotations:
D:2 Natasha, Sigmund


Message History

Press: ? - help, Shift-Dir - straight line, f/p - Natasha
Aim: Natasha (heavily wounded, chance to affect: 83%) Natasha writhes in agony.
Natasha misses you.
Casting: Pain (safe; 1% risk of failure)
Confirm with . or Enter, or press ? or * to list all spells.
Aiming: Pain (safe; 1% risk of failure)
Press: ? - help, Shift-Dir - straight line, f/p - Natasha
Aim: Natasha (heavily wounded, chance to affect: 83%) Natasha writhes in agony.
Natasha claws you!
* * * LOW HITPOINT WARNING * * *
Your hobgoblin skeleton hits Natasha with a +0 club.
Casting: Pain (safe; 1% risk of failure)
Confirm with . or Enter, or press ? or * to list all spells.
Aiming: Pain (safe; 1% risk of failure)
Press: ? - help, Shift-Dir - straight line, f/p - Natasha
Aim: Natasha (almost dead, chance to affect: 83%) Natasha writhes in agony.
Natasha casts a spell at you. The magic dart hits you.
You die...

......$.# ..##..........#
.....##.# . ....<.........#
......#.# .# ..##..........#
......# .. #. #..........#
......# #. #. ##........##
.....## # ##. #.##..........#
....## .##.#.g #..#........).#
.#### ......h####.#..........#
.# .....#Z@#...).........(# .#
..........#............# .#
##..###.####...........# .##
.... #................# ..@
##.## #...###≈..≈###...# .##
#...# #..#...#≈≈#...#..# .#
#######...# ##.#.⌠.#≈≈#.⌠.#..#
.
.......<..####.#...#≈≈#...#..#
#######.........###≈≈≈≈###...#


You could see Natasha, a hobgoblin and a friendly hobgoblin skeleton.

Vanquished Creatures
  A dart slug (D:1)
  A leopard gecko (D:1)
  A giant cockroach (D:1)
  3 goblins (D:1)
  8 hobgoblins
  A jackal (D:1)
  A quokka (D:2)
  2 ball pythons
  5 bats (D:1)
  A frilled lizard (D:1)
  7 kobolds
  4 rats
35 creatures vanquished.

Vanquished Creatures (collateral kills)
  A dart slug (D:1)
  A jackal (D:1)
  2 kobolds
4 creatures vanquished.

Grand Total: 39 creatures vanquished

Notes
Turn   | Place    | Note
-------+----------+-------------------------------------------
     0 | D:1      | shakesphere1979 the Deep Elf Necromancer began the quest
                  | for the Orb.
     0 | D:1      | Reached XP level 1. HP: 10/10 MP: 6/6
   579 | D:1      | Reached skill level 5 in Necromancy
   579 | D:1      | Reached XP level 2. HP: 9/15 MP: 2/8
   632 | D:1      | Learned a level 1 spell: Animate Skeleton
  1755 | D:1      | Reached XP level 3. HP: 1/19 MP: 7/10
  2695 | D:2      | Noticed Sigmund
  3418 | D:2      | Noticed Natasha
  3425 | D:2      | Killed from afar by Natasha

Illustrated notes

Levels and vault maps discovered:
D:1:      amcnicky_arrival_blooded_trapdoor, layout_basic
D:2:      layout_rooms, fountainhead, uniq_natasha, uniq_terence, uniq_sigmund

Skill      XL: |  1  2 |
---------------+-------+-----
Necromancy     | 5 |  5.2
Stealth        | 3 |  3.3
Dodging        | 3 |  3.1
Spellcasting   | |  3.7

Action                   || total
-------------------------++-------
Melee: Dagger            ||     9
       Short sword       ||    23
 Cast: Pain              ||    49
       Animate Skeleton  ||    12
  Use: Scroll            ||     1
 Stab: Sleeping          ||     5
Armor: Robe              ||     6
Dodge: Dodged            ||    22
